 Dungeon Crawl Stone Soup version 0.26-a0-682-g294304f6e8 (webtiles) character file.

Game seed: 7766919893790946727

57 Decritt the Skirmisher (level 3, -5/35 HPs)
             Began as a Minotaur Fighter on Oct 20, 2020.
             Slain by Sigmund
             ... wielding a +0 vorpal scythe
              (11 damage)
             ... on level 2 of the Dungeon.
             The game lasted 00:02:56 (1427 turns).

Decritt the Skirmisher (Minotaur Fighter)           Turns: 1427, Time: 00:02:56

Health: -5/35      AC:  6    Str: 20    XL:     3   Next: 73%
Magic:  11/11      EV:  7    Int:  5    God:
Gold:   112        SH:  0    Dex: 10    Spells: 2/2 levels left

rFire    . . .     SeeInvis .   a - +0 war axe
rCold    . . .     Faith    .   c - +0 kite shield
rNeg     . . .     Spirit   .   b - +0 scale mail
rPois    .         Reflect  .   (helmet restricted)
rElec    .         Harm     .   (no cloak)
rCorr    .         Rampage  .   (no gloves)
MR       .....                  (no boots)
Stlth    ..........             (no amulet)
HPRegen  0.11/turn              r - ring of stealth
MPRegen  0.12/turn              t - ring of magical power

@: confused
A: retaliatory headbutt, horns 2
a: no special abilities


You were on level 2 of the Dungeon.
You visited 1 branch of the dungeon, and saw 2 of its levels.

You collected 112 gold pieces.

Inventory:

Hand Weapons
 a - a +0 war axe (weapon)
Missiles
 o - a boomerang (quivered)
Armour
 b - a +0 scale mail (worn)
 c - a +0 kite shield (worn)
Jewellery
 r - a ring of stealth (left hand)
 t - a ring of magical power (right hand)
Scrolls
 e - 3 scrolls of fear {unknown}
 f - a scroll of noise {unknown}
 g - 3 scrolls of remove curse {unknown}
 h - a scroll of enchant weapon {unknown}
 j - a scroll of immolation {unknown}
 k - 2 scrolls of magic mapping {unknown}
 l - a scroll of blinking {unknown}
 m - a scroll of teleportation {unknown}
 p - 2 scrolls of amnesia {unknown}
 q - a scroll of identify {unknown}
Potions
 d - a potion of might
 i - 2 potions of haste {unknown}
 n - a potion of flight {unknown}
 s - a potion of brilliance {unknown}


   Skills:
 * Level 4.8 Fighting
 * Level 3.9 Axes
 - Level 3.6 Armour
 - Level 3.6 Shields


You had 2 spell levels left.
You didn't know any spells.
Your spell library was empty.

Dungeon Overview and Level Annotations

Branches:
Dungeon (2/15)

Altars:

Annotations:
D:2 Sigmund


Innate Abilities, Weirdness & Mutations

You reflexively headbutt those who attack you in melee.
You have a pair of horns on your head.


Message History

You hear some strange, mumbled words.
Something tries to affect you, but you resist.
Something hits you.
* * * LOW HITPOINT WARNING * * *
* * * LOW HITPOINT WARNING * * *
You closely miss something.
Unknown command.
You hit something. You headbutt something.
Something hits you but does no damage.
You slash something! Your headbutt misses something. Something hits you!
* * * LOW HITPOINT WARNING * * *
* * * LOW HITPOINT WARNING * * *
Something hits you but does no damage.
You see here a leather armour.
You hear some strange, mumbled words.
You are confused.
You bump into the rock wall.
You bump into the rock wall.
You bump into the rock wall.
Something hits you!
You die...

######################
#....................
#.######.###.###...
#........##.#.##.#
#######..###.(..@###...#####.
.........#
#.####.#[..†....... .#####.##
#.# ##.#.#####.#.# #.# #.#
#.#.# #.# #.# #.#.#
#.####.#####.#.#
#............#.##
##....#...###...#
#.##(...........


There were no monsters in sight!

Vanquished Creatures
  A gnoll (D:2)
  An ooze (D:1)
  A worm (D:2)
  A dart slug (D:1)
  2 ball pythons (D:1)
  4 goblins
  8 hobgoblins
  4 jackals
  4 kobolds
  5 bats
  4 rats
35 creatures vanquished.

Notes
Turn   | Place    | Note
-------+----------+-------------------------------------------
     0 | D:1      | Decritt the Minotaur Fighter began the quest for the Orb.
     0 | D:1      | Reached XP level 1. HP: 19/19 MP: 0/0
    72 | D:1      | Reached skill level 4 in Fighting
   163 | D:1      | Reached XP level 2. HP: 27/27 MP: 1/1
   949 | D:2      | Reached XP level 3. HP: 28/34 MP: 2/2
  1399 | D:2      | Noticed Sigmund
  1427 | D:2      | Slain by Sigmund

Illustrated notes

Levels and vault maps discovered:
D:1:      saegor_arrival_simple_b, layout_basic
D:2:      layout_loops_ring, marbit_many_paths, lemuel_coloured_pillars_altar,
          st_stairs_9, uniq_sigmund

Skill      XL: |  1  2 |
---------------+-------+-----
Fighting       | 4 |  4.8
Axes           | 3 |  3.9
Armour         | |  3.6
Shields        | |  3.6

Action                   || total
-------------------------++-------
Melee: War axe           ||    77
       Headbutt          ||    11
Throw: Boomerang         ||    36
Armor: Scale mail        ||    41
Dodge: Dodged            ||    25
Block: Kite shield       ||    39

Table legend: (Time is in decaauts)
 A = Elapsed time spent in this place.
 B = Non-inter-level travel time spent in this place.
 C = Inter-level travel time spent in this place.
 D = Time resting spent in this place.
 E = Time spent auto-exploring this place.
 F = Levels seen in this place.
 G = Mean time per level.
                   A        B        C        D        E       F      G
               +--------+--------+--------+--------+--------+-----+--------+
         Total |   1470 |   1450 |     20 |      0 |   1190 |   2 |  735.0 |
       Dungeon |   1470 |   1450 |     20 |      0 |   1190 |   2 |  735.0 |
               +--------+--------+--------+--------+--------+-----+--------+

Top non-repeatable levels by time:
     D:1: 1027 daAuts
     D:2: 442 daAuts
